 Dungeon Crawl Stone Soup version 0.31-a0-366-ga77b45bd9b (webtiles) character file.

Game seed: 4843060753414726676

1409 MacCMillion the Grappler (level 8, -6/70 HPs)
             Began as a Green Draconian Shapeshifter on July 28, 2023.
             Was a Follower of Okawaru.
             Mangled by a vampire
             ... wielding a +3 short sword of speed
              (9 damage)
             ... on level 8 of the Dungeon.
             The game lasted 00:09:35 (4829 turns).

MacCMillion the Grappler (DrSh)                     Turns: 4829, Time: 00:09:35

Health: -6/70      AC:  6    Str: 19    XL:     8   Next: 42%
Magic:  10/10      EV: 12    Int:  9    God:    Okawaru [*.....]
Gold:   217        SH:  0    Dex: 12    Spells: 7/7 levels left

rFire   . .          .
                       - Unarmed
rCold   . . .        (no shield)
rNeg    . . .        (body armour unavailable)
rPois   +            (helmet currently unavailable)
rElec   .            (cloak currently unavailable)
rCorr   .            (gloves currently unavailable)
SInv    .            (boots currently unavailable)
Will    .....        d - amulet of the acrobat
Stlth   +            (no ring)
HPRegen 0.31/turn    (no ring)
MPRegen 0.12/turn

%: acrobat
@: short of breath, beast-form
A: beast (slay +2), breathe noxious fumes, AC +6, unfitting armour, poison
resistance, cold-blooded
a: Breathe Noxious Fumes, Begin Untransformation, Renounce Religion, Heroism


You were on level 8 of the Dungeon.
You worshipped Okawaru.
Okawaru was aware of your devotion.
You were a hulking beast.
You visited 2 branches of the dungeon, and saw 7 of its levels.

You collected 217 gold pieces.

Inventory:

Armour
 i - a +0 pair of boots
Jewellery
 d - an amulet of the acrobat (around neck)
 p - a ring of see invisible
 q - a +6 ring of intelligence
Talismans
 b - a beast talisman
Wands
 t - a wand of polymorph (7)
 u - a wand of light (9)
Scrolls
 e - 5 scrolls of amnesia {unknown}
 f - a scroll of enchant armour {unknown}
 g - 2 scrolls of butterflies {unknown}
 h - a scroll of enchant weapon {unknown}
 k - a scroll of vulnerability {unknown}
 o - a scroll of blinking {unknown}
 s - a scroll of acquirement {unknown}
 v - a scroll of brand weapon {unknown}
 x - 2 scrolls of teleportation {unknown}
Potions
 a - a potion of lignification
 c - a potion of brilliance {unknown}
 j - 2 potions of berserk rage
 l - a potion of invisibility
 m - a potion of enlightenment {unknown}
 n - a potion of resistance {unknown}
 r - a potion of heal wounds
 w - a potion of might {unknown}


   Skills:
 - Level 6.0 Fighting
 + Level 3.0 Dodging
 - Level 8.0 Unarmed Combat
 - Level 3.0 Invocations
 + Level 3.7 Shapeshifting


You had 7 spell levels left.
You didn't know any spells.
Your spell library contained the following spells:

 Spells                   Type           Power      Damage    Failure   Level
 Sandblast                Erth           0%         2d4       38%         1
 Passwall                 Tmut/Erth      0%         N/A       52%         2
 Ozocubu's Armour         Ice            0%         N/A       77%         3
 Stone Arrow              Conj/Erth      0%         3d7       77%         3
 Ozocubu's Refrigeration  Ice            0%         4d7       100%        7


Dungeon Overview and Level Annotations

Branches:
Dungeon (5/15)             Temple (1/1) D:4

Altars:
Ashenzari
Cheibriados
Dithmenos
Elyvilon
Fedhas
Gozag
Hepliaklqana
Kikubaaqudgha
Makhleb
Nemelex Xobeh
Okawaru
Ru
Sif Muna
Trog
Uskayaw
Vehumet
Wu Jian
Xom
Yredelemnul
Zin
The Shining One

Shops:
D:4 =[


Innate Abilities, Weirdness & Mutations

You are a hulking beast.
Your limbs bulge with bestial killing power. (Slay +2)
You can breathe blasts of noxious fumes.
Your lurid green scales are hard. (AC +6)
You cannot fit into any form of body armour.
Your system is resistant to poisons. (rPois)
You are cold-blooded and may be slowed by cold attacks.


Message History

You hit the kobold brigand but do no damage.
You tail-slap the kobold brigand.
The kobold brigand is heavily wounded.
Something hits you. Something bites you but does no damage. Something hits you.
Something bites you.
Something draws strength from your injuries!
You completely miss the kobold brigand.
Your tail-slap misses the kobold brigand.
The kobold brigand is heavily wounded.
The kobold brigand barely misses you.
The kobold brigand hits itself with a +0 whip!
Something hits you! Something bites you but does no damage.
You barely miss the kobold brigand.
You tail-slap the kobold brigand, but do no damage.
The kobold brigand is severely wounded.
Something hits you! Something bites you!
* * * LOW HITPOINT WARNING * * *
Something draws strength from your injuries!
You punch the kobold brigand!
You kill the kobold brigand!
Okawaru accepts your kill. Something hits you.
* * * LOW HITPOINT WARNING * * *
Something bites you!
* * * LOW HITPOINT WARNING * * *
Something draws strength from your injuries!
Something hits you but does no damage. Something bites you!
* * * LOW HITPOINT WARNING * * *
Something draws strength from your injuries!
Your Dodging skill increases to level 3!
Okay, then.
You feel much better. Something hits you!
* * * LOW HITPOINT WARNING * * *
Something bites you!
* * * LOW HITPOINT WARNING * * *
Something draws strength from your injuries!
You feel much better. Something hits you!
* * * LOW HITPOINT WARNING * * *
Something barely misses you. Something hits you!
You die...

#.# #.#....# #...
#.###.##.(.# #. #..#
#.##..##...# #f #...
#.##.###..## ## .K##..
#.##.###..# y..#. #..
#.........# .... .
####.###.## ##### .l#
. #.# #.#
####...####.#. #.#
#h###.).......##).
#.###.).)...#.........
#......#######.#.)#.##
######## ###....#
######


There were no monsters in sight!

Vanquished Creatures
  Grinder (D:4)
  A wyvern (D:8)
  A yak (D:8)
  A human (shapeshifter) (D:8)
  3 kobold brigands (D:8)
  A gnoll sergeant (D:8)
  3 wights (D:8)
  2 hounds (D:4)
  A sleepcap (D:8)
  2 orc wizards
  3 gnolls (D:3)
  11 adders
  A white imp (D:8)
  A worm (D:2)
  5 dart slugs
  7 orcs
  8 ball pythons
  6 bats
  11 endoplasms
  4 giant cockroaches
  7 goblins
  8 hobgoblins
  3 jackals (D:1)
  2 quokkas (D:3)
  6 frilled lizards
  7 kobolds
  8 rats
114 creatures vanquished.

Notes
Turn   | Place    | Note
-------+----------+-------------------------------------------
     0 | D:1      | MacCMillion the Draconian Shapeshifter began the quest for
                  | the Orb.
     0 | D:1      | Reached XP level 1. HP: 16/16 MP: 1/1
    86 | D:1      | Reached XP level 2. HP: 24/24 MP: 2/2
   437 | D:1      | Reached XP level 3. HP: 28/29 MP: 3/3
   947 | D:2      | Reached skill level 4 in Unarmed Combat
  1041 | D:2      | Found a hazy altar of Hepliaklqana.
  1042 | D:2      | Found a faded altar of an unknown god.
  1335 | D:2      | Reached XP level 4. HP: 28/37 MP: 4/4
  1921 | D:3      | Found an ornate altar of the Wu Jian Council.
  1923 | D:3      | Found a broken altar of Ashenzari.
  2007 | D:3      | Reached XP level 5. HP: 33/45 MP: 5/5
  2077 | D:3      | Reached skill level 5 in Unarmed Combat
  2699 | D:3      | Found a shimmering blue altar of Sif Muna.
  2735 | D:4      | Noticed a centaur
  3021 | D:4      | Found Poalej's Antique Armour Shoppe.
  3086 | D:4      | Noticed Grinder
  3104 | D:4      | Paralysed by Grinder for 3 turns
  3217 | D:4      | Paralysed by Grinder for 3 turns
  3463 | D:4      | Found a staircase to the Ecumenical Temple.
  3491 | Temple   | Entered the Ecumenical Temple
  3504 | Temple   | Became a worshipper of Warmaster Okawaru
  3536 | D:4      | Reached XP level 6. HP: 52/52 MP: 6/6
  3683 | D:4      | Found Sihujiet's Jewellery Shoppe.
  3691 | D:4      | Paralysed by Grinder for 3 turns
  3697 | D:4      | Killed Grinder
  3698 | D:4      | Reached skill level 6 in Unarmed Combat
  3698 | D:4      | Reached skill level 1 in Invocations
  3981 | D:5      | Entered Level 5 of the Dungeon
  4178 | D:5      | You fall into a shaft and drop 3 floors!
  4242 | D:8      | Your scales start taking on a lurid green colour.
  4242 | D:8      | Reached XP level 7. HP: 55/60 MP: 8/8
  4242 | D:8      | Gained mutation: Your system is resistant to poisons.
                  | (rPois) [Green Draconian growth]
  4442 | D:8      | Reached * piety under Okawaru
  4443 | D:8      | Reached skill level 5 in Fighting
  4572 | D:8      | Reached skill level 7 in Unarmed Combat
  4606 | D:8      | Noticed a yak
  4606 | D:8      | Noticed a wyvern
  4619 | D:8      | Killed a wyvern
  4624 | D:8      | Killed a yak
  4625 | D:8      | Reached XP level 8. HP: 44/70 MP: 7/10
  4633 | D:8      | Reached skill level 8 in Unarmed Combat
  4827 | D:8      | HP: 1/70 [something (7)]
  4829 | D:8      | Mangled by a vampire

Illustrated notes

Levels and vault maps discovered:
D:1:      lightli_arrival_quake, layout_basic, serial_forest,
          infiniplex_forest_clump_curved, infiniplex_forest_straight_2,
          infiniplex_forest_zigzag_2, infiniplex_forest_clump_small,
          infiniplex_forest_corner_1, minmay_ruptured
D:2:      layout_basic, basic_altar, basic_ecumenical_altar, serial_forest,
          infiniplex_forest_straight_5, infiniplex_forest_straight_4,
          infiniplex_forest_straight_4, infiniplex_forest_clump_long,
          infiniplex_forest_straight_3, infiniplex_forest_straight_5,
          infiniplex_forest_straight_5, infiniplex_forest_3_way
D:3:      layout_basic, nicolae_sif_muna_little_library,
          chequers_temple_overflow_statue_of_worship, minmay_unequal
D:4:      layout_cave_pools, minmay_temple_entry_statues_fountains,
          serial_shops, shop, shop, nicolae_shop_statue_plus,
          hellmonk_guarded_unrand_hermit, uniq_grinder
D:5:      layout_loops_corners, nicolae_elevator_lobby_asterisk, uniq_sigmund
D:8:      layout_loops_corners, minivault_22, minmay_pinched_square
Temple:   nicolae_temple_bog_church

Skill      XL: |  1  2  3  4  5  6  7  8 |
---------------+-------------------------+-----
Fighting       | 2 3 4 5 6 |  6.0
Unarmed Combat | 4 5 6 7 8 |  8.0
Invocations    | 2 3 |  3.0
Dodging        | 3 |  3.0
Shapeshifting  | |  3.7

Action                     |  1- 3 |  4- 6 |  7- 9 || total
---------------------------+-------+-------+-------++-------
  Melee: Unarmed           |   121 |   188 |    54 ||   363
         Tailslap          |    15 |    22 |    12 ||    49
         Punch             |     1 |     4 |     4 ||     9
 Invoke: Heroism           |       |       |     1 ||     1
Ability: Breathe Noxious F |       |       |     4 ||     4
    Use: Scroll            |       |     3 |       ||     3
         Potion            |       |       |     2 ||     2
   Stab: Distracted        |       |     1 |       ||     1
         Confused          |       |       |     1 ||     1
 Armour: Skin              |    24 |    34 |     4 ||    62
  Dodge: Dodged            |    75 |   102 |    27 ||   204

Table legend: (Time is in decaauts)
 A = Elapsed time spent in this place.
 B = Non-inter-level travel time spent in this place.
 C = Inter-level travel time spent in this place.
 D = Time resting spent in this place.
 E = Time spent auto-exploring this place.
 F = Levels seen in this place.
 G = Mean time per level.
                   A        B        C        D        E       F      G
               +--------+--------+--------+--------+--------+-----+--------+
         Total |   4801 |   4527 |    274 |   1313 |   2205 |   7 |  685.9 |
       Dungeon |   4769 |   4515 |    254 |   1313 |   2205 |   6 |  794.8 |
        Temple |     32 |     12 |     20 |      0 |      0 |   1 |   32.0 |
               +--------+--------+--------+--------+--------+-----+--------+

Top non-repeatable levels by time:
     D:3: 1806 daAuts
     D:2: 983 daAuts
     D:1: 914 daAuts
     D:8: 640 daAuts
     D:4: 229 daAuts
     D:5: 195 daAuts
  Temple: 32 daAuts
